 Dungeon Crawl Stone Soup version 0.25.0-26-g0c896c7088 (webtiles) character file.

Game seed: 12993174042840004761

1131 xccam the Insei (level 8, -2/54 HPs)
             Began as an Octopode Transmuter on July 1, 2020.
             Was a Follower of Okawaru.
             Slain by a centaur
             ... wielding a +0 whip
              (14 damage)
             ... on level 6 of the Dungeon.
             The game lasted 00:06:05 (6328 turns).

xccam the Insei (Octopode Transmuter)               Turns: 6328, Time: 00:06:05

Health: -2/54      AC:  5    Str:  9    XL:     8   Next: 36%
Magic:  10/11      EV: 16    Int: 17    God:    Okawaru [*.....]
Gold:   190        SH:  0    Dex: 13    Spells: 8/11 levels left

rFire    + . .     SeeInvis .     - Unarmed
rCold    + . .     Gourm    .   (no shield)
rNeg     . . .     Faith    .   (helmet restricted)
rPois    .         Spirit   .   (no amulet)
rElec    .         Reflect  .   b - ring of protection from cold
rCorr    .         Harm     .   u - ring of protection from fire
MR       .....                  h - +4 ring of protection
Stlth    ++........             (no ring)
HPRegen  0.18/turn              (no ring)
MPRegen  0.12/turn              (no ring)
                                (no ring)
                                (no ring)

@: appendage
A: almost no armour, stealthy swim, amphibious, 8 rings, constrict 8, tentacle
spike 3, camouflage 1, gelatinous body 1
a: End Transformation, Heroism, Renounce Religion


You were on level 6 of the Dungeon.
You worshipped Okawaru.
Okawaru was aware of your devotion.
You were not hungry.
One of your tentacles had a temporary spike.
You visited 2 branches of the dungeon, and saw 7 of its levels.

You collected 190 gold pieces.

Inventory:

Missiles
 a - 51 arrows
Jewellery
 b - a ring of protection from cold (left tentacle)
 h - a +4 ring of protection (on tentacle)
 u - a ring of protection from fire (right tentacle)
Scrolls
 d - a scroll of immolation {unknown}
 e - 4 scrolls of identify {unknown}
 f - 3 scrolls of teleportation {unknown}
 g - 3 scrolls of remove curse {unknown}
 i - 3 scrolls of magic mapping {unknown}
 j - 3 scrolls of fear {unknown}
 m - a scroll of random uselessness {unknown}
 n - 2 scrolls of amnesia {unknown}
 q - a scroll of enchant armour {unknown}
 r - a scroll of blinking {unknown}
Potions
 k - a potion of haste
 l - 2 potions of curing
 o - a potion of lignification {unknown}
 p - a potion of degeneration
 t - a potion of magic {unknown}
 v - a potion of mutation {unknown}
 w - a potion of stabbing {unknown}
Comestibles
 c - 8 rations
 x - 4 chunks of flesh


   Skills:
 - Level 4.0 Fighting
 - Level 6.0 Dodging
 + Level 6.6 Unarmed Combat
 - Level 2.0 Spellcasting
 + Level 3.4 Transmutations


You had 8 spell levels left.
You knew the following spells:

 Your Spells              Type           Power        Failure   Level  Hunger
a - Beastly Appendage     Tmut           ##....       4%          1    #......
b - Sticks to Snakes      Tmut           ##......     7%          2    ###....

Your spell library contained the following spells:

 Spells                   Type           Power        Failure   Level  Hunger
 Freeze                   Ice            #...         19%         1    #......
 Spider Form              Tmut/Pois      #.........   28%         3    ###....
 Frozen Ramparts          Ice            #.....       50%         3    ###....
 Ozocubu's Armour         Chrm/Ice       #.......     50%         3    ###....
 Ice Form                 Ice/Tmut       #.......     67%         4    #####..
 Blade Hands              Tmut           ##........   78%         5    ######.
 Hailstorm                Conj/Ice       #.......     88%         4    #####..
 Summon Ice Beast         Ice/Summ       #.......     88%         4    #####..


Dungeon Overview and Level Annotations

Branches:
Dungeon (6/15)             Temple (1/1) D:5

Altars:
Ashenzari
Cheibriados
Dithmenos
Elyvilon
Fedhas
Gozag
Hepliaklqana
Makhleb
Nemelex Xobeh
Okawaru
Qazlal
Ru
Sif Muna
Trog
Uskayaw
Xom
Yredelemnul
Zin
The Shining One


Innate Abilities, Weirdness & Mutations

You cannot wear most types of armour.
You are very stealthy in the water. (Stealth+)
You are amphibious.
You can wear up to eight rings at the same time.
You can use your tentacles to constrict eight enemies at once.
Your skin changes colour to match your surroundings (Stealth+).
Your rubbery body absorbs attacks. (AC +1, EV +1)
One of your tentacles bears a large vicious spike.


Message History

You see here 2 arrows.
You are too injured to fight recklessly!
The centaur shoots an arrow.
The arrow hits you but does no damage.
You see here an arrow.
The centaur unwields a +0 shortbow.
The centaur wields a +0 whip.
The centaur hits you with a +0 whip!
* * * LOW HITPOINT WARNING * * *
It was a potion of cancellation.
You feel magically purged. The centaur closely misses you. x2
Casting: Beastly Appendage (safe; 4% risk of failure)
Confirm with . or Enter, or press ? or * to list all spells.
One of your tentacles grows a vicious spike.
The centaur barely misses you.
You tentacle-slap the centaur. x2; Your squeeze misses the centaur.
The centaur is moderately wounded.
The centaur barely misses you.
You tentacle-slap the centaur. Your squeeze misses the centaur.
The centaur is moderately wounded.
The centaur hits you with a +0 whip!
You die...

#####
#################...##########
^......>....(..............(.#
#######.#########...########.#
#.# ##### #.. ####รท########
.... ##. #...((......#..... #.
#.....(.(...'..... #.
#........(@c#... ##
#...........# # #...........#
# #...........# ##'#.########
## #.#. ... # #. #.### #....
.....


You could see a centaur.

Vanquished Creatures
  Grinder (D:6)
  Prince Ribbit (D:5)
  A black bear (D:6)
  An ogre (D:5)
  A centaur (D:5)
  A scorpion (D:5)
  A howler monkey (D:5)
  A centaur zombie (D:6)
  2 crimson imps
  A centaur skeleton (D:4)
  3 orc wizards (D:5)
  Jessica (D:2)
  An iguana (D:5)
  Natasha (twice) (D:2)
  A hound zombie (D:6)
  A howler monkey zombie (D:6)
  3 adders
  2 oozes
  2 worms
  A dart slug (D:1)
  3 leopard geckos
  11 orcs
  6 giant cockroaches
  2 goblins (D:1)
  2 hobgoblins
  6 jackals
  2 quokkas
  2 bats (D:2)
  2 frilled lizards
  5 kobolds
  A leopard gecko skeleton (D:5)
  6 rats
76 creatures vanquished.

Vanquished Creatures (others)
  An iguana (D:6)
  A plant (D:5)
2 creatures vanquished.

Grand Total: 78 creatures vanquished

Notes
Turn   | Place    | Note
-------+----------+-------------------------------------------
     0 | D:1      | xccam the Octopode Transmuter began the quest for the Orb.
     0 | D:1      | Reached XP level 1. HP: 13/13 MP: 3/3
    83 | D:1      | Reached XP level 2. HP: 18/18 MP: 5/5
   152 | D:1      | Learned a level 2 spell: Sticks to Snakes
  1071 | D:2      | Reached XP level 3. HP: 18/23 MP: 6/6
  1425 | D:2      | Noticed Natasha
  1439 | D:2      | Killed Natasha
  1466 | D:2      | Noticed Natasha
  1476 | D:2      | Killed Natasha
  1476 | D:2      | Reached skill level 5 in Unarmed Combat
  1476 | D:2      | Reached XP level 4. HP: 17/28 MP: 7/7
  1730 | D:2      | Noticed Jessica
  1735 | D:2      | Killed Jessica
  2079 | D:2      | Reached XP level 5. HP: 27/33 MP: 8/8
  2234 | D:2      | Found a glowing silver altar of Zin.
  2410 | D:3      | Found a bloodstained altar of Trog.
  2410 | D:3      | Found a shadowy altar of Dithmenos.
  2413 | D:3      | Found a shattered altar of Ashenzari.
  3257 | D:4      | Found a white marble altar of Elyvilon.
  3461 | D:4      | Found a sparkling altar of Nemelex Xobeh.
  3488 | D:4      | Found a basalt altar of Yredelemnul.
  3959 | D:5      | Entered Level 5 of the Dungeon
  4143 | D:5      | Noticed an ogre
  4193 | D:5      | Reached XP level 6. HP: 39/39 MP: 7/9
  4907 | D:5      | Noticed Prince Ribbit
  4926 | D:5      | Killed Prince Ribbit
  4926 | D:5      | Reached XP level 7. HP: 9/47 MP: 1/10
  5251 | D:5      | Found a staircase to the Ecumenical Temple.
  5342 | Temple   | Entered the Ecumenical Temple
  5349 | Temple   | Became a worshipper of Warmaster Okawaru
  5529 | D:5      | Reached skill level 5 in Dodging
  5859 | D:6      | Noticed Grinder
  5873 | D:6      | Paralysed by Grinder for 5 turns
  5890 | D:6      | Paralysed by Grinder for 4 turns
  5895 | D:6      | Killed Grinder
  5895 | D:6      | Reached * piety under Okawaru
  5895 | D:6      | Reached XP level 8. HP: 16/54 MP: 3/11
  6318 | D:6      | Identified the amulet of Mimpoq {Spirit +Blink rN+ MP+9
                  | Str+4}
  6328 | D:6      | Slain by a centaur

Illustrated notes

Levels and vault maps discovered:
D:1:      psy_arrival_terrarium, layout_loops_ring
D:2:      layout_loops_ring, zin_scriptorium, minmay_stone_trees_small,
          uniq_natasha, uniq_jessica
D:3:      layout_loops_ring, chequers_temple_overflow_statue_of_worship,
          minivault_11
D:4:      layout_cave_pods, kennysheep_ying_yang, kennysheep_little_box,
          first_ration
D:5:      layout_rooms, minmay_temple_entry_enclosed_plants, uniq_prince_ribbit1
D:6:      layout_basic, fiery_altar_vehumet, uniq_menkaure,
          uniq_crazy_yiuf_cottage, uniq_grinder
Temple:   nicolae_temple_no_exploring_needed

Skill      XL: |  1  2  3  4  5  6  7  8 |
---------------+-------------------------+-----
Unarmed Combat | 4 5 6 |  6.6
Fighting       | 2 3 4 |  4.0
Dodging        | 3 4 6 |  6.0
Transmutations | 3 |  3.4
Spellcasting   | |  2.0

Action                   |  1- 3 |  4- 6 |  7- 9 || total
-------------------------+-------+-------+-------++-------
Melee: Unarmed           |    63 |   103 |    77 ||   243
       Tentacles         |     9 |    18 |    10 ||    37
       Constrict         |    13 |    19 |    16 ||    48
       Kick              |     5 |    11 |     7 ||    23
       Punch             |       |     3 |     2 ||     5
 Cast: Beastly Appendage |     2 |     8 |     6 ||    16
       Sticks to Snakes  |       |     4 |     5 ||     9
  Use: Potion            |     1 |     6 |     1 ||     8
 Stab: Sleeping          |     6 |     8 |     1 ||    15
  Eat: Chunk             |     2 |     7 |     3 ||    12
       Ration            |       |     1 |     1 ||     2
Armor: Skin              |     7 |     3 |    12 ||    22
Dodge: Dodged            |    33 |    54 |    43 ||   130
